 Dungeon Crawl Stone Soup version 0.30-a0-639-g3916f1956a (webtiles) character file.

Game seed: 13542450552794486812

2106 wormed the Thaumaturge (level 9, -1/45 HPs)
             Began as a Deep Elf Necromancer on Jan 16, 2023.
             Was an Initiate of Kikubaaqudgha.
             Slain by a sky beast (5 damage)
             ... on level 7 of the Dungeon.
             The game lasted 00:11:53 (6088 turns).

wormed the Thaumaturge (Deep Elf Necromancer)       Turns: 6088, Time: 00:11:54

Health: -1/45      AC:  2    Str:  5    XL:     9   Next: 7%
Magic:  16/26      EV: 12    Int: 25    God:    Kikubaaqudgha [......]
Gold:   461        SH:  0    Dex: 15    Spells: 22/30 levels left

rFire   + . .      SeeInvis .    d - staff of fire
rCold   . . .      Faith    .    (no shield)
rNeg    + . .      Spirit   .    a - +0 robe
rPois   .          Reflect  .    (no helmet)
rElec   .          Harm     .    (no cloak)
rCorr   .          Rampage  .    (no gloves)
Will    .....                    (no boots)
Stlth   ++                       (no amulet)
HPRegen 0.27/turn                e - ring of positive energy
MPRegen 0.20/turn                (no ring)

@: brilliant, lethally poisoned (-1 -> -11)
A: no striking features
a: Renounce Religion


You were on level 7 of the Dungeon.
You worshipped Kikubaaqudgha.
Kikubaaqudgha was noncommittal.
You visited 2 branches of the dungeon, and saw 8 of its levels.
You also visited: Sewer.

You collected 461 gold pieces.

Inventory:

Armour
 a - a +0 robe (worn)
Magical Staves
 d - a staff of fire (weapon)
Jewellery
 e - a ring of positive energy (left hand)
Scrolls
 g - a scroll of identify
 j - a scroll of fear
 k - 2 scrolls of magic mapping
 l - 5 scrolls of teleportation
 q - a scroll of enchant weapon
Potions
 b - 4 potions of cancellation
 h - 2 potions of mutation
 i - a potion of attraction
 n - a potion of heal wounds
 o - a potion of magic


   Skills:
 - Level 2.4 Dodging
 - Level 2.4 Stealth
 + Level 11.4 Spellcasting
 + Level 11.2 Necromancy


You had 22 spell levels left.
You knew the following spells:

 Your Spells              Type           Power      Damage    Failure   Level
a - Necrotise             Necr           100%       1d9       1%          1
b - Vampiric Draining     Necr           81%        2d11      1%          3
c - Animate Dead          Necr           81%        N/A       1%          4

Your spell library contained the following spells:

 Spells                   Type           Power      Damage    Failure   Level
 Agony                    Necr           81%        N/A       1%          5
 Magic Dart               Conj           84%        1d7       4%          1
 Call Imp                 Summ           21%        N/A       6%          2
 Ensorcelled Hibernation  Hex/Ice        42%        N/A       6%          2
 Passwall                 Tmut/Erth      17%        N/A       6%          2
 Dazzling Flash           Conj/Hex       42%        N/A       13%         3
 Mephitic Cloud           Conj/Pois/Air  21%        N/A       13%         3
 Swiftness                Air            21%        N/A       13%         3
 Iskenderun's Mystic Bla  Conj/Tloc      21%        2d6       38%         4
 Starburst                Conj/Fire      16%        6d6       100%        6


Dungeon Overview and Level Annotations

Branches:
Dungeon (7/15)             Temple (1/1) D:7           Sewer (visited)

Altars:
Cheibriados
Dithmenos
Gozag
Hepliaklqana
Kikubaaqudgha
Makhleb
Okawaru
Wu Jian
Xom
Yredelemnul
Zin
The Shining One

Annotations:
D:6 Sigmund


Message History

The lemure misses you.
A killer bee comes into view.
Casting: Vampiric Draining (safe; 1% risk of failure)
Confirm with . or Enter, or press ? or * to list all spells.
Aiming: Vampiric Draining (safe; 1% risk of failure)
Press: ? - help, Shift-Dir - straight line, f/p - Pikel
Aim: Pikel, wielding a +2 whip of freezing and wearing a +0 robe (severely wounded)
You feel a surge of power!
You draw life force from Pikel!
You kill Pikel!
Kikubaaqudgha accepts your kill.
You feel life coursing into your body.
The killer bee buzzes angrily.
With Pikel's spell broken, his former minions thank you for their freedom.
The lemure departs this earthly plane. x2; Something hits you.
Something shocks you.
* * * LOW HITPOINT WARNING * * *
The killer bee misses you.
Your Spellcasting skill increases to level 11!
Your Necromancy skill increases to level 11!
You have reached level 9!
Your experience leads to an increase in your attributes!
Increase (S)trength, (I)ntelligence, or (D)exterity?
You feel clever. x2
Casting: Vampiric Draining (safe; 1% risk of failure)
Confirm with . or Enter, or press ? or * to list all spells.
Aiming: Vampiric Draining (safe; 1% risk of failure)
Press: ? - help, Shift-Dir - straight line, f - killer bee
Aim: a killer bee (black smoke)
You feel a surge of power!
You draw life force from the killer bee!
You feel life coursing into your body.
The killer bee buzzes angrily.
The killer bee stings you!
* * * LOW HITPOINT WARNING * * *
You are lethally poisoned!
The killer bee poisons you! Something hits you.
* * * LOW HITPOINT WARNING * * *
Something shocks you.
You die...
Kikubaaqudgha rasps: "You have failed me!
Welcome... death!"

#.......#..
#######.......#.#
.....##.......#.#
................######
.....##...y...........
>.#####...y.§.#....#
#.# #y.K.....§§§.#
#.#?...5.##.##.♣.♣.#
.5K.y######..#.y@§.#
..y# ##...♣{♣.# ...<
#....h.... ##...
#....####... ...
......# ##. .yy.
##.....# ##....# #....


You could see a hound and 3 killer bees.

Vanquished Creatures
  Pikel (D:7)
  Joseph (D:7)
  3 water moccasins
  An orc warrior (D:6)
  A lemure (Temple)
  An ogre (D:7)
  A phantom (D:5)
  A bullfrog (D:5)
  2 scorpions
  A necrophage (D:4)
  2 jellies
  Ijyb (D:3)
  2 hounds
  Terence (D:2)
  2 iguanas (D:4)
  2 orc wizards (D:3)
  8 gnolls
  8 adders
  4 ufetubi
  5 dart slugs
  9 orcs
  4 bats
  9 endoplasms
  2 giant cockroaches
  6 goblins
  4 hobgoblins
  6 jackals
  2 quokkas
  9 ball pythons
  5 frilled lizards
  7 kobolds
  4 rats
  A spectral goblin (D:3)
116 creatures vanquished.

Vanquished Creatures (collateral kills)
  An adder (D:4)
  A rat (D:3)
2 creatures vanquished.

Grand Total: 118 creatures vanquished

Notes
Turn   | Place    | Note
-------+----------+-------------------------------------------
     0 | D:1      | wormed the Deep Elf Necromancer began the quest for the
                  | Orb.
     0 | D:1      | Reached XP level 1. HP: 10/10 MP: 6/6
    70 | D:1      | Reached skill level 5 in Necromancy
   184 | D:1      | Reached XP level 2. HP: 15/15 MP: 5/8
   913 | D:2      | Reached XP level 3. HP: 19/19 MP: 7/10
  1417 | D:2      | Noticed Terence
  1424 | D:2      | Killed Terence
  1425 | D:2      | Reached XP level 4. HP: 13/24 MP: 5/12
  1484 | D:2      | Identified the +8 sling "Weklal" {flame, rCorr Dex+3}
  1619 | D:2      | Learned a level 3 spell: Vampiric Draining
  1624 | D:2      | Learned a level 4 spell: Animate Dead
  1715 | D:3      | Reached skill level 5 in Spellcasting
  1864 | D:3      | Reached XP level 5. HP: 28/28 MP: 8/15
  2244 | D:3      | Reached XP level 6. HP: 27/32 MP: 7/17
  2403 | D:3      | Noticed Ijyb
  2892 | D:3      | Killed Ijyb
  3077 | D:3      | Found a hazy altar of Hepliaklqana.
  3221 | D:4      | Noticed a water moccasin
  3357 | D:4      | Found an opulent altar of Gozag.
  3476 | D:5      | Entered Level 5 of the Dungeon
  3742 | D:5      | Reached XP level 7. HP: 28/36 MP: 20/20
  4038 | D:6      | Noticed a steam dragon
  4747 | D:6      | Found a glowing drain.
  4758 | Sewer    | Entered a sewer
  4856 | Sewer    | HP: 1/36 [poisoned by a water moccasin]
  5114 | D:6      | Reached XP level 8. HP: 28/41 MP: 14/23
  5232 | D:6      | Noticed Sigmund
  5468 | D:7      | Noticed Joseph
  5478 | D:7      | HP: 1/41 [Joseph/+0 quarterstaff (14)]
  5479 | D:7      | Killed Joseph
  5480 | D:7      | Reached skill level 10 in Spellcasting
  5480 | D:7      | Reached skill level 10 in Necromancy
  5772 | D:7      | Noticed Pikel
  5774 | D:7      | Found a staircase to the Ecumenical Temple.
  5784 | Temple   | Entered the Ecumenical Temple
  6044 | Temple   | Became a worshipper of Kikubaaqudgha
  6087 | D:7      | Killed Pikel
  6088 | D:7      | Reached XP level 9. HP: 10/45 MP: 18/26
  6088 | D:7      | Slain by a sky beast

Illustrated notes

Levels and vault maps discovered:
D:1:      nzn_arrival_settlement, layout_basic, serial_bayou_pond_c
D:2:      layout_rooms, uniq_terence
D:3:      minmay_recursive_quarters, layout_basic,
          nicolae_hepliaklqana_monster_ancestors, dk_noncrumbling_4, uniq_ijyb
D:4:      wad_pebble_path, layout_loops_ring, lemuel_tele_altar
D:5:      layout_basic, chequers_serial_rivers_room_a, corexii_leaking_fountain
D:6:      layout_basic, portal_sewer_entry_d, gammafunk_ghost_split,
          uniq_sigmund, uniq_crazy_yiuf_cottage
D:7:      layout_rooms, nicolae_overflows_in_rows, minmay_temple_entry_trees,
          uniq_pikel, uniq_joseph
Temple:   hellmonk_temple_beads

Skill      XL: |  1  2  3  4  5  6  7  8 |
---------------+-------------------------+-----
Necromancy     | 5 6 7 8 9 11 | 11.2
Spellcasting   | 4 5 6 7 9 11 | 11.4
Dodging        | |  2.4
Stealth        | |  2.4

Action                   |  1- 3 |  4- 6 |  7- 9 || total
-------------------------+-------+-------+-------++-------
Melee: Staff             |       |    11 |    15 ||    26
       Unarmed           |       |    10 |     7 ||    17
 Cast: Necrotise         |    69 |   100 |    51 ||   220
       Vampiric Draining |       |    14 |    34 ||    48
Evoke: Wand              |       |    10 |    22 ||    32
  Use: Scroll            |     6 |     4 |     9 ||    19
       Potion            |       |     3 |     3 ||     6
Armor: Robe              |       |    10 |     6 ||    16
Dodge: Dodged            |    11 |    44 |    51 ||   106

Table legend: (Time is in decaauts)
 A = Elapsed time spent in this place.
 B = Non-inter-level travel time spent in this place.
 C = Inter-level travel time spent in this place.
 D = Time resting spent in this place.
 E = Time spent auto-exploring this place.
 F = Levels seen in this place.
 G = Mean time per level.
                   A        B        C        D        E       F      G
               +--------+--------+--------+--------+--------+-----+--------+
         Total |   6095 |   5892 |    203 |      0 |   4825 |   9 |  677.2 |
       Dungeon |   5472 |   5343 |    129 |      0 |   4379 |   7 |  781.7 |
        Temple |    301 |    227 |     74 |      0 |    175 |   1 |  301.0 |
         Sewer |    322 |    322 |      0 |      0 |    271 |   1 |  322.0 |
               +--------+--------+--------+--------+--------+-----+--------+

Top non-repeatable levels by time:
     D:3: 1286 daAuts
     D:4: 1085 daAuts
     D:1: 900 daAuts
     D:2: 744 daAuts
     D:5: 579 daAuts
     D:7: 521 daAuts
     D:6: 354 daAuts
   Sewer: 322 daAuts
  Temple: 301 daAuts
